 Dungeon Crawl Stone Soup version 0.27-a0-1359-ga2a4dfd6fd (webtiles) character file.

Game seed: 11008357141082981201

8211 puppykicker the Spear-Bearer (level 11, -6/81 HPs)
             Began as a Naga Ice Elementalist on June 28, 2021.
             Was a Follower of Hepliaklqana.
             Killed from afar by a rakshasa (20 damage)
             ... with a lance of force
             ... on level 2 of the Abyss.
             The game lasted 00:50:30 (14381 turns).

puppykicker the Spear-Bearer (NaIE)                Turns: 14381, Time: 00:50:31

Health: -6/81      AC:  7    Str: 12    XL:     11   Next: 27%
Magic:  0/17       EV: 10    Int: 16    God:    Hepliaklqana [*.....]
Gold:   698        SH:  0    Dex: 13    Spells: 5/18 levels left

rFire    . . .     SeeInvis +   a - +1 halberd
rCold    . . .     Faith    .   (shield currently unavailable)
rNeg     . . .     Spirit   .   e - +1 robe
rPois    +         Reflect  .   A - +1 hat
rElec    .         Harm     .   z - +0 cloak
rCorr    +         Rampage  .   (no gloves)
Will     +....                  (no barding)
Stlth    ++........             (no amulet)
HPRegen  0.23/turn              W - ring of wizardry {Wiz+}
MPRegen  0.15/turn              C - ring of resist corrosion

@: very slightly contaminated, very slow
A: reduced essence, AC +3, large, see invisible, deformed body, poison
resistance, slowness 2, spit poison 1, naga tail 1
a: Spit Poison, Renounce Religion, Recall Ancestor, Ancestor Identity


You were on level 2 of the Abyss.
You worshipped Hepliaklqana.
Hepliaklqana was aware of your devotion.
You visited 2 branches of the dungeon, and saw 11 of its levels.
You visited the Abyss 1 time.
You also visited: Sewer.

You collected 698 gold pieces.

Inventory:

Hand Weapons
 a - a +1 halberd (weapon)
 b - a +0 hand axe of flaming
 h - a +0 trident
Missiles
 g - 89 poisoned darts (quivered)
 l - 2 throwing nets
 o - a curare-tipped dart
 G - 3 javelins
Armour
 e - a +1 robe (worn)
 z - a +0 cloak (worn)
 A - a +1 hat (worn)
Jewellery
 s - the ring of Ascent {Wiz rC- Will+ Dex+4 Slay+2}
   (You found it on level 9 of the Dungeon)

   [ring of wizardry]

   It improves your spell success rate.Dex: It affects your dexterity (+4).
   Slay:      It affects your accuracy & damage with ranged weapons and melee
   (+2).
   rC:        It makes you vulnerable to cold.
   Will:      It increases your willpower.
 C - a ring of resist corrosion (right hand)
 N - a ring of positive energy {rN+}
 W - a ring of wizardry (left hand) {Wiz+}
Wands
 i - a wand of polymorph (3)
 D - a wand of digging (4)
Scrolls
 c - a scroll of vulnerability {!r!r}
 d - a scroll of magic mapping {unknown}
 f - a scroll of fog
 p - 3 scrolls of enchant armour
 r - a scroll of summoning {unknown}
 t - 2 scrolls of teleportation
 y - 3 scrolls of immolation {!r}
 E - a scroll of acquirement {unknown}
Potions
 j - 4 potions of brilliance
 k - 2 potions of haste
 m - a potion of might
 n - 6 potions of curing
 q - a potion of attraction {unknown}
 v - a potion of resistance
 w - 2 potions of cancellation
 x - a potion of berserk rage {!q}
 F - a potion of heal wounds


   Skills:
 - Level 3.0 Fighting
 * Level 13.3 Polearms
 - Level 2.5 Armour
 - Level 3.0 Dodging
 - Level 3.0 Stealth
 - Level 2.4 Shields
 - Level 4.0 Spellcasting
 - Level 4.0 Summonings
 - Level 4.0 Necromancy
 - Level 5.0 Ice Magic


You had 5 spell levels left.
You knew the following spells:

 Your Spells              Type           Power      Damage    Failure   Level
a - Freeze                Ice            76%        1d9       1%          1
b - Frozen Ramparts       Ice            38%        1d5       2%          3
c - Summon Small Mammal   Summ           64%        N/A       1%          1
d - Summon Ice Beast      Ice/Summ       17%        N/A       11%         4
v - Vampiric Draining     Necr           8%         2d7       4%          3
z - Animate Skeleton      Necr           32%        N/A       1%          1

Your spell library contained the following spells:

 Spells                   Type           Power      Damage    Failure   Level
 Pain                     Necr           64%        1d7       1%          1
 Call Imp                 Summ           16%        N/A       1%          2
 Ozocubu's Armour         Ice            19%        N/A       2%          3
 Call Canine Familiar     Summ           16%        N/A       4%          3
 Summon Guardian Golem    Hex/Summ       9%         N/A       9%          3
 Animate Dead             Necr           8%         N/A       13%         4
 Hailstorm                Conj/Ice       11%        3d5       24%         4
 Summon Lightning Spire   Summ/Air       9%         N/A       28%         4
 Agony                    Necr           16%        N/A       32%         5
 Metabolic Englaciation   Hex/Ice        5%         N/A       52%         5
 Blade Hands              Tmut           1%         N/A       86%         5
 Irradiate                Conj/Tmut      1%         3d13      86%         5
 Statue Form              Tmut/Erth      2%         N/A       100%        6
 Dragon Form              Tmut           1%         N/A       100%        7
 Storm Form               Tmut/Air       1%         N/A       100%        7


Dungeon Overview and Level Annotations

Branches:
Dungeon (10/15)            Temple (1/1) D:4            Lair (0/6) D:10
    Orc (0/2) D:9           Sewer (visited)

Altars:
Ashenzari
Cheibriados
Dithmenos
Elyvilon
Fedhas
Gozag
Hepliaklqana
Makhleb
Nemelex Xobeh
Okawaru
Ru
Trog
Uskayaw
Wu Jian
Yredelemnul
Zin
The Shining One

Shops:
D:7 (

Annotations:
D:7 2 transporters
D:10 Erolcha


Innate Abilities, Weirdness & Mutations

Your life essence is reduced to manifest your ancestor. (-10% HP)
Your serpentine skin is tough. (AC +3)
You have supernaturally acute eyesight. (SInv)
Armour fits poorly on your strangely shaped body.
Your system is resistant to poisons. (rPois)
You cover ground very slowly.
You can spit poison.
You have a snake-like lower body.


Message History

* * * LOW MAGIC WARNING * * *
The ynoxinul gestures.
You now have 3/17 mp.
The rakshasa hits you with a +0 whip.
* * * LOW HITPOINT WARNING * * *
The rakshasa hits your ice beast with a +0 whip!
You take 1 damage, and have 13/81 hp.
You puncture the rakshasa!
Your ice beast freezes the rakshasa!
The rakshasa gestures at your ice beast.
The lance of force hits your ice beast!!
Your ice beast is knocked back by the lance of force.
Your ice beast slams into the metal wall!
Your ice beast dies!
Unknown command.
You miss the rakshasa.
The rakshasa gestures at your ice beast.
The lance of force hits your ice beast!
Your ice beast is knocked back by the lance of force.
Your ice beast slams into the metal wall!
Your ice beast dies!
Unknown command.
Okay, then.
Unknown command.
Casting: Summon Ice Beast (dangerous; 11% risk of failure)
You miscast Summon Ice Beast.
You are very lightly contaminated with residual magic.
Desperate hands claw out at you.
* * * LOW MAGIC WARNING * * *
The rakshasa closely misses you.
The ynoxinul gestures.
You now have 0/17 mp.
Casting: Summon Ice Beast (dangerous; 11% risk of failure)
You don't have enough magic to cast this spell.
Unknown command.
As you read the scroll labelled JAITWO VAEXKOS, it crumbles to dust.
It is a scroll of enchant weapon.
Your +0 halberd glows red for a moment.
The rakshasa gestures at you. The lance of force hits you!!
You die...

.. . #. ..# # # ###
#...# ' # .#. .# #.
.. # ..#.## #......
## . ......# § .. ..
## #...#.####. . .
.. . ......#§....##
.#... ...# . .
#§X.## # ##.. . . #
.#.#..#@##....#.#...
.. #..#.#.R##..#....
.. . #..##.5R.##. .
. ## # #..##5..# # #
.# #....5.## ## #
###3##.# ##
#..###..# #5###
..#.# #3 .##..#


You could see 2 rakshasas, a nameless horror, a ynoxinul and 3 ufetubi.

Levels and vault maps discovered:
D:1:      dpeg_arrival_short_road, layout_basic,
          hellmonk_ecumenical_altar_inner_sanctum, minmay_misc_feat_alley,
          chequers_jeans
D:2:      layout_loops_ring, uniq_natasha
D:3:      layout_loops_corners, lemuel_round_altar, lemuel_tele_altar,
          cheibrodos_sewer_entry_drain
D:4:      layout_rooms, ashenzari_conservatory_becter, minmay_temple_entry_grid,
          minmay_quadrilaterals
D:5:      layout_cave_pools, nemelex_dance_club_becter, serial_park_tiny_pond,
          kennysheep_cluttered_room
D:6:      layout_basic, hangedman_abyss_or_decor_stabs, uniq_blork_the_orc
D:7:      layout_cave_pools, cheibrodos_worm_habitat,
          nicolae_hepliaklqana_hippocampus, gammafunk_ghost_gnarly_gnolls,
          serial_shops, nicolae_shop_stone
D:8:      layout_basic, okawaru_ov_weapons_minmay, small_statue_intersection,
          uniq_pikel
D:9:      layout_long_grid, orc_0_dummy, centaur_isle
D:10:     layout_roguey, grunt_temple_overflow_magic_moments,
          doesnt_xom_only_xom, old_standard_altar, kennysheep_little_box,
          erik_lair_orcish_takeover, hangedman_abyss_or_decor_jellyfish_corner,
          small_statue_intersection, kennysheep_generic_room_11, uniq_grum,
          uniq_joseph, uniq_erolcha
Temple:   compressed_dpeg_triangle_lava_temple
Abyss:2:  base: D:1, hangedman_elemental_corridor

Notes
Turn   | Place    | Note
-------+----------+-------------------------------------------
     0 | D:1      | puppykicker the Naga Ice Elementalist began the quest for
                  | the Orb.
     0 | D:1      | Reached XP level 1. HP: 15/15 MP: 3/3
    82 | D:1      | Identified a +0 dagger
   125 | D:1      | Identified a +0 dagger
   343 | D:1      | Identified a +0 short sword
   363 | D:1      | Reached XP level 2. HP: 11/24 MP: 0/5
   538 | D:1      | Identified a +0 dagger
   818 | D:1      | Identified a +0 club
   866 | D:1      | Identified a ring of positive energy
   988 | D:1      | Identified a +0 leather armour
  1033 | D:1      | Found a faded altar of an unknown god.
  1274 | D:2      | Noticed Natasha
  1291 | D:2      | Identified a potion of heal wounds
  1298 | D:2      | HP: 2/24 [Natasha (9)]
  1299 | D:2      | Killed Natasha
  1300 | D:2      | Reached skill level 1 in Fighting
  1300 | D:2      | Reached skill level 2 in Dodging
  1300 | D:2      | Reached XP level 3. HP: 2/31 MP: 0/6
  1618 | D:2      | Reached skill level 1 in Armour
  1705 | D:2      | Learned a level 3 spell: Frozen Ramparts
  1767 | D:2      | Reached XP level 4. HP: 18/38 MP: 0/7
  1944 | D:2      | Noticed Natasha
  1950 | D:2      | Killed Natasha
  1995 | D:2      | Identified a +0 short sword
  2078 | D:2      | Identified a +0 club
  2178 | D:2      | Noticed Natasha
  2190 | D:2      | Killed Natasha
  2191 | D:2      | Reached XP level 5. HP: 24/45 MP: 3/9
  2508 | D:2      | Identified a ring of resist corrosion
  2656 | D:3      | Learned a level 1 spell: Summon Small Mammal
  2661 | D:3      | Learned a level 4 spell: Summon Ice Beast
  2932 | D:3      | Found a glowing drain.
  2974 | D:3      | Identified a +0 buckler
  3078 | Sewer    | Entered a sewer
  3087 | Sewer    | Reached skill level 2 in Fighting
  3242 | Sewer    | Identified a +0 club
  3258 | Sewer    | Identified a +0 short sword
  3453 | Sewer    | Identified a +0 short sword
  3537 | Sewer    | Identified a +0 club
  3538 | Sewer    | Identified a +0 dagger
  3538 | Sewer    | Noticed a kobold brigand
  3552 | Sewer    | Killed a kobold brigand
  3553 | Sewer    | Reached skill level 3 in Spellcasting
  3553 | Sewer    | Reached skill level 1 in Summonings
  3553 | Sewer    | Reached XP level 6. HP: 20/52 MP: 2/10
  3808 | Sewer    | Identified a +0 short sword
  3809 | Sewer    | Identified a +0 short sword
  3817 | Sewer    | Reached skill level 2 in Armour
  3928 | Sewer    | Identified a potion of haste
  3929 | Sewer    | Identified a potion of flight
  3931 | Sewer    | Identified a +0 whip
  3932 | Sewer    | Identified a +0 club
  3964 | Sewer    | Identified 3 scrolls of teleportation
  4105 | D:3      | Identified a +0 dagger
  4119 | D:3      | Identified a +0 whip
  4119 | D:3      | Identified a +0 chain mail
  4119 | D:3      | Identified a +0 whip of venom
  4119 | D:3      | Identified a +0 leather armour
  4119 | D:3      | Identified a +0 hand axe of flaming
  4149 | D:3      | Identified a +0 mace
  4149 | D:3      | Identified a +0 chain mail
  4161 | D:3      | Found an ornate altar of the Wu Jian Council.
  4348 | D:3      | Found a hide-covered altar of Uskayaw.
  4413 | D:3      | Identified a +0 dagger
  4417 | D:3      | Identified a +0 pair of boots
  4452 | D:3      | Identified a +0 club
  4465 | D:3      | Identified a +0 short sword
  4476 | D:3      | Identified a +0 mace
  4476 | D:3      | Identified a +0 dagger
  4476 | D:3      | Identified a +0 falchion
  4555 | D:3      | Identified a +0 chain mail
  4735 | D:4      | Identified a +0 dagger
  4954 | D:4      | Found a broken altar of Ashenzari.
  4956 | D:4      | Identified a +0 ring mail
  4993 | D:4      | Identified a +0 short sword
  4995 | D:4      | Identified a +0 war axe
  4995 | D:4      | Identified a +0 chain mail
  4996 | D:4      | Identified a +0 dagger
  4996 | D:4      | Identified a +0 flail
  5031 | D:4      | Identified 2 scrolls of enchant armour
  5183 | D:4      | Reached XP level 7. HP: 60/61 MP: 9/11
  5192 | D:4      | Identified a +0 club
  5238 | D:4      | Learned a level 1 spell: Animate Skeleton
  5320 | D:4      | Identified a +0 flail
  5350 | D:4      | Identified a +0 giant spiked club
  5358 | D:4      | Reached skill level 3 in Dodging
  5358 | D:4      | Reached skill level 5 in Ice Magic
  5481 | D:4      | Found a staircase to the Ecumenical Temple.
  5504 | D:4      | Reached skill level 2 in Summonings
  5509 | Temple   | Entered the Ecumenical Temple
  5731 | D:4      | Identified a +0 chain mail
  5751 | D:4      | Identified a +0 spear
  5877 | D:5      | Entered Level 5 of the Dungeon
  5878 | D:5      | Identified a scarf of harm
  5885 | D:5      | Identified a +0 cloak
  6008 | D:5      | Identified a +0 short sword
  6009 | D:5      | Identified a +0 club
  6012 | D:5      | Identified a +0 dagger
  6012 | D:5      | Identified a +0 scale mail
  6018 | D:5      | Reached skill level 3 in Fighting
  6018 | D:5      | Reached skill level 1 in Shields
  6131 | D:5      | Identified 4 potions of brilliance
  6133 | D:5      | Reached skill level 1 in Necromancy
  6134 | D:5      | Reached skill level 1 in Polearms
  6540 | D:5      | Identified a +0 flail
  6540 | D:5      | Identified a +0 whip
  6540 | D:5      | Identified a +0 club
  6540 | D:5      | Identified a +0 whip
  6552 | D:5      | Reached skill level 2 in Polearms
  6552 | D:5      | Reached skill level 2 in Shields
  6764 | D:5      | Found a sparkling altar of Nemelex Xobeh.
  6768 | D:5      | Identified a +0 giant club
  6774 | D:5      | Reached XP level 8. HP: 50/69 MP: 6/13
  6828 | D:5      | Learned a level 3 spell: Vampiric Draining
  7124 | D:6      | Identified a +0 dagger
  7148 | D:6      | Identified a +0 dire flail
  7148 | D:6      | Identified a +0 robe
  7155 | D:6      | Identified 3 scrolls of identify
  7155 | D:6      | Identified a potion of resistance
  7156 | D:6      | Identified a potion of berserk rage
  7157 | D:6      | Identified a potion of might
  7158 | D:6      | Identified 3 scrolls of immolation
  7159 | D:6      | Identified 2 scrolls of noise
  7180 | D:6      | Reached skill level 3 in Polearms
  7357 | D:6      | Identified a +2 spear
  7357 | D:6      | Identified a +0 robe
  7541 | D:6      | Identified a +0 mace
  7541 | D:6      | Identified a +0 robe
  7541 | D:6      | Noticed Blork the orc
  7549 | D:6      | Killed Blork the orc
  7598 | D:6      | Identified a +2 flail
  7598 | D:6      | Identified a +0 robe
  7604 | D:6      | Identified a +0 trident
  7604 | D:6      | Identified a +0 robe
  7605 | D:6      | Identified a +0 spear
  7605 | D:6      | Identified a +0 robe
  7611 | D:6      | Reached skill level 4 in Spellcasting
  7611 | D:6      | Reached skill level 2 in Necromancy
  7612 | D:6      | Reached skill level 4 in Polearms
  7635 | D:6      | Identified a +0 giant club
  7895 | D:6      | Reached skill level 3 in Necromancy
  7973 | D:6      | Reached skill level 5 in Polearms
  8069 | D:6      | Identified a +0 leather armour
  8191 | D:6      | Identified a +0 robe
  8334 | D:6      | Reached XP level 9. HP: 68/75 MP: 15/15
  8498 | D:6      | Reached skill level 3 in Summonings
  8622 | D:7      | Reached skill level 6 in Polearms
  8761 | D:7      | Identified 2 scrolls of vulnerability
  8762 | D:7      | Identified 2 scrolls of fog
  8848 | D:7      | Identified a +0 hand axe
  8848 | D:7      | Identified a +0 ring mail
  8849 | D:7      | Identified a +0 hand axe
  8849 | D:7      | Identified a +0 leather armour
  8849 | D:7      | Identified a +2 vampiric hand axe
  8849 | D:7      | Identified a +0 leather armour
  8851 | D:7      | Identified a +0 dagger
  8851 | D:7      | Identified a +0 dagger
  8851 | D:7      | Identified a +0 robe
  9028 | D:7      | Identified a +2 spear of venom
  9058 | D:7      | Identified a +4 spear of venom
  9058 | D:7      | Identified the +3 scale mail "Huacvykhlu" {rC+ Int+5}
  9058 | D:7      | Identified a +2 buckler
  9058 | D:7      | Identified a +0 spear
  9074 | D:7      | Identified a +2 vampiric spear
  9074 | D:7      | Identified a +0 scale mail
  9076 | D:7      | Found a transporter.
  9077 | D:7      | Found a transporter.
  9083 | D:7      | Identified a +0 halberd
  9113 | D:7      | Reached skill level 4 in Necromancy
  9170 | D:7      | Found Suafoib's Weapon Shoppe.
  9181 | D:7      | Noticed a nameless horror
  9304 | D:7      | Reached skill level 4 in Summonings
  9472 | D:7      | Identified a +2 short sword
  9472 | D:7      | Identified a +0 robe
  9488 | D:7      | Reached skill level 7 in Polearms
  9566 | D:7      | Identified a +0 spear
  9566 | D:7      | Identified a +0 robe
  9590 | D:7      | Identified a +3 long sword
  9590 | D:7      | Identified a +0 robe
  9596 | D:6      | Identified a scroll of fear
  9597 | D:6      | Identified a scroll of blinking
  9698 | D:7      | Identified a +0 leather armour
  9750 | D:7      | Found a snail-covered altar of Cheibriados.
  9924 | D:7      | Found a hazy altar of Hepliaklqana.
  9929 | D:7      | Became a worshipper of Hepliaklqana the Forgotten
 10021 | D:8      | Identified a +0 giant club
 10021 | D:8      | Identified a +0 dire flail
 10021 | D:8      | Noticed a two-headed ogre
 10031 | D:8      | Killed a two-headed ogre
 10032 | D:8      | Reached skill level 8 in Polearms
 10276 | D:8      | Found an iron altar of Okawaru.
 10279 | D:8      | Identified a +0 flail
 10297 | D:8      | Identified the +8 mace of Guibar {holy, Int+4 Stlth+}
 10439 | D:8      | Identified a +0 falchion
 10440 | D:8      | Identified a +0 flail
 10453 | D:8      | Reached skill level 9 in Polearms
 10454 | D:8      | Identified a +0 flail
 10482 | D:8      | Identified a +1 whip of freezing
 10482 | D:8      | Identified a +0 robe
 10482 | D:8      | Noticed Pikel
 10497 | D:8      | Killed Pikel
 10498 | D:8      | Reached XP level 10. HP: 60/84 MP: 10/16
 10573 | D:8      | Identified a +0 short sword
 10573 | D:8      | Identified a +0 ring mail
 10633 | D:8      | Identified a +1 hat
 10638 | D:8      | Identified a +0 hand axe
 10642 | D:8      | Identified a +0 long sword
 10642 | D:8      | Identified a +0 plate armour
 10654 | D:8      | Reached skill level 10 in Polearms
 10691 | D:8      | Identified a +0 whip
 10691 | D:8      | Identified a +0 short sword
 10691 | D:8      | Identified a +0 short sword
 10727 | D:8      | Identified a +0 short sword
 10727 | D:8      | Identified a +0 short sword
 10727 | D:8      | Identified a +0 short sword
 10727 | D:8      | Identified a +0 dagger
 10727 | D:8      | Identified a +0 hand crossbow
 10728 | D:8      | Identified a +0 whip
 11004 | D:8      | Identified a +1 vorpal war axe
 11014 | D:8      | Identified a +0 rapier
 11196 | D:9      | Identified a ring of wizardry
 11203 | D:9      | Identified 2 potions of cancellation
 11223 | D:9      | Reached * piety under Hepliaklqana
 11395 | D:9      | Identified a +0 flail
 11395 | D:9      | Identified a +0 chain mail
 11395 | D:9      | Identified a +0 giant club
 11395 | D:9      | Identified a +0 giant club
 11395 | D:9      | Noticed a two-headed ogre
 11401 | D:9      | Identified a +0 dagger
 11401 | D:9      | Identified a +0 leather armour
 11403 | D:9      | Identified a +0 whip
 11403 | D:9      | Identified a +0 ring mail
 11404 | D:9      | Identified a +0 hand axe
 11404 | D:9      | Identified a +0 leather armour
 11409 | D:9      | Killed a two-headed ogre
 11410 | D:9      | Reached skill level 11 in Polearms
 11450 | D:9      | Found a staircase to the Orcish Mines.
 11461 | D:9      | Identified a +0 war axe
 11461 | D:9      | Identified a +0 robe
 11467 | D:9      | Identified a +0 trident
 11468 | D:9      | Identified a +0 short sword
 11468 | D:9      | Identified a +0 plate armour
 11472 | D:9      | Identified a +0 dagger
 11545 | D:9      | Identified a +0 shortbow
 11577 | D:9      | Identified the ring of Ascent {Wiz rC- Will+ Dex+4 Slay+2}
 11618 | D:9      | Identified a +0 shortbow
 11632 | D:9      | Identified a +0 shortbow
 11792 | D:9      | Identified a +0 shortbow
 11806 | D:9      | HP: 13/75 [yak (14)]
 11833 | D:9      | Identified a +0 flail
 11834 | D:9      | Identified a +0 spear
 11834 | D:9      | Identified a +0 ring mail
 11836 | D:9      | Identified a +0 halberd
 11836 | D:9      | Identified a +0 whip
 11842 | D:9      | Identified a +0 halberd
 11843 | D:9      | Identified a +0 whip
 11851 | D:9      | HP: 16/75 [gnoll (3)]
 11853 | D:9      | Reached skill level 12 in Polearms
 12208 | D:9      | Identified a potion of degeneration
 12218 | D:9      | Identified a +0 shortbow
 12219 | D:9      | Identified a +0 shortbow
 12219 | D:9      | Identified a +0 shortbow
 12292 | D:9      | Identified a +0 shortbow
 12294 | D:9      | Identified a +0 shortbow
 12295 | D:9      | HP: 12/75 [centaur/arrow (7)]
 12461 | D:9      | Identified a +0 dire flail
 12461 | D:9      | Identified a +0 giant club
 12461 | D:9      | Noticed a two-headed ogre
 12472 | D:9      | Killed a two-headed ogre
 12473 | D:9      | Reached XP level 11. HP: 55/81 MP: 17/17
 12663 | D:9      | Identified a +0 shortbow
 12671 | D:9      | Identified a +0 robe
 13440 | D:9      | Identified a +3 flail
 13443 | D:9      | Identified a +0 spear
 13446 | D:9      | Identified a +0 club
 13471 | D:9      | Identified a +0 spear
 13471 | D:9      | Identified a +0 scale mail
 13475 | D:9      | Identified a +1 robe
 13892 | D:10     | Entered Level 10 of the Dungeon
 13911 | D:10     | Reached skill level 13 in Polearms
 13982 | D:10     | Identified a +0 dagger
 13982 | D:10     | Identified a +0 robe
 13983 | D:10     | Identified a +0 dagger
 13983 | D:10     | Identified a +0 ring mail
 13983 | D:10     | Identified a +1 dagger of venom
 13983 | D:10     | Identified a +0 leather armour
 13985 | D:10     | Identified a +0 flail
 13985 | D:10     | Identified a +0 ring mail
 13986 | D:10     | Identified a +0 dagger
 13986 | D:10     | Identified a +0 robe
 13987 | D:10     | Identified a +0 hand axe
 13997 | D:10     | HP: 16/81 [orc priest/divine providence (12)]
 14174 | D:10     | Found a staircase to the Lair.
 14219 | D:10     | Found a bloodstained altar of Trog.
 14310 | D:10     | Identified a +0 giant club
 14310 | D:10     | Identified a +0 robe
 14310 | D:10     | Noticed Erolcha
 14311 | D:10     | Identified a +0 quarterstaff
 14311 | D:10     | Identified a +0 hunting sling
 14311 | D:10     | Identified a +0 leather armour
 14311 | D:10     | Noticed Joseph
 14315 | D:10     | Noticed Joseph
 14315 | D:10     | Joseph changed into Joseph the black bear
 14320 | D:10     | Killed Joseph the black bear
 14326 | D:10     | Cast into level 2 of the Abyss (Erolcha)
 14362 | Abyss:2  | Identified a +0 whip
 14362 | Abyss:2  | Identified a +0 robe
 14362 | Abyss:2  | Noticed a rakshasa
 14372 | Abyss:2  | HP: 13/81 [metal wall collision (13)]
 14373 | Abyss:2  | Identified a scroll of amnesia
 14377 | Abyss:2  | HP: 13/81 [rakshasa (1)]
 14381 | Abyss:2  | Identified a scroll of enchant weapon
 14381 | Abyss:2  | Killed from afar by a rakshasa

Table legend: (Time is in decaauts)
 A = Elapsed time spent in this place.
 B = Non-inter-level travel time spent in this place.
 C = Inter-level travel time spent in this place.
 D = Time resting spent in this place.
 E = Time spent auto-exploring this place.
 F = Levels seen in this place.
 G = Mean time per level.
                   A        B        C        D        E       F      G
               +--------+--------+--------+--------+--------+-----+--------+
         Total |  17215 |  16884 |    331 |   6170 |   7761 |  13 | 1324.2 |
       Dungeon |  15706 |  15381 |    325 |   5638 |   7219 |  10 | 1570.6 |
        Temple |    186 |    181 |      5 |      0 |    180 |   1 |  186.0 |
         Abyss |     69 |     69 |      0 |      0 |      0 |   1 |   69.0 |
         Sewer |   1253 |   1253 |      0 |    532 |    361 |   1 | 1253.0 |
               +--------+--------+--------+--------+--------+-----+--------+

Top non-repeatable levels by time:
     D:9: 2915 daAuts
     D:6: 1886 daAuts
     D:2: 1711 daAuts
     D:1: 1594 daAuts
     D:7: 1580 daAuts
     D:8: 1463 daAuts
     D:3: 1430 daAuts
     D:5: 1378 daAuts
   Sewer: 1253 daAuts
     D:4: 1251 daAuts
    D:10: 493 daAuts
  Temple: 186 daAuts
 Abyss:2: 69 daAuts

Table legend:
 A = Kills in this place as a percentage of kills in entire the game.
 B = Kills by you in this place as a percentage of kills by you in the entire game.
 C = Kills by friends in this place as a percentage of kills by friends in the entire game.
 D = Other kills in this place as a percentage of other kills in the entire game.
 E = Experience gained in this place as a percentage of experience gained in the entire game.
 F = Experience gained in this place divided by the number of levels of this place that you have seen.
                   A       B       C       D       E      F
               +-------+-------+-------+-------+-------+----------------------
         Total | 100.0 | 100.0 | 100.0 |   N/A | 100.0 | 902.3
       Dungeon |  90.7 |  89.9 | 100.0 |   N/A |  97.9 | 1147.8
         Sewer |   9.3 |  10.1 |   0.0 |   N/A |   2.1 | 252.0
               +-------+-------+-------+-------+-------+----------------------

Skill      XL: |  1  2  3  4  5  6  7  8  9 10 11 |
---------------+----------------------------------+-----
Fighting       | 1 2 3 |  3.0
Dodging        | 2 3 |  3.0
Armour         | 1 2 |  2.5
Spellcasting   | 3 4 |  4.0
Summonings     | 1 2 4 |  4.0
Ice Magic      | 5 |  5.0
Shields        | 2 |  2.4
Necromancy     | 1 3 4 |  4.0
Polearms       | 2 5 9 12 13 | 13.3
Stealth        | |  3.0

Action                   |  1- 3 |  4- 6 |  7- 9 | 10-12 || total
-------------------------+-------+-------+-------+-------++-------
Melee: Dagger            |     5 |       |       |       ||     5
       Short sword       |    23 |    67 |       |       ||    90
       Whip              |       |    54 |    12 |       ||    66
       Hand axe          |       |    22 |       |       ||    22
       Spear             |       |       |    80 |       ||    80
       Trident           |       |       |   178 |    90 ||   268
       Halberd           |       |       |       |    35 ||    35
       Unarmed           |       |       |       |    10 ||    10
Throw: Dart              |       |     1 |    22 |    47 ||    70
       Javelin           |       |       |       |     3 ||     3
       Throwing net      |       |       |       |     1 ||     1
 Cast: Freeze            |    30 |    64 |    25 |    14 ||   133
       Frozen Ramparts   |       |     9 |    25 |    16 ||    50
       Vampiric Draining |       |       |    10 |    15 ||    25
       Summon Small Mamm |       |       |     1 |       ||     1
       Summon Ice Beast  |       |       |     2 |     5 ||     7
       Animate Skeleton  |       |       |       |     4 ||     4
Invok: Ancestor Identity |       |       |       |     1 ||     1
 Abil: Spit Poison       |     3 |     4 |    15 |    14 ||    36
Evoke: Wand              |       |       |     5 |     5 ||    10
  Use: Potion            |     1 |     2 |     1 |     4 ||     8
       Scroll            |       |     2 |    10 |     4 ||    16
 Stab: Sleeping          |     5 |     7 |     2 |     2 ||    16
Armor: Robe              |    12 |    47 |    64 |    51 ||   174
Dodge: Dodged            |    30 |   114 |   136 |   109 ||   389
Block: Buckler           |       |     4 |    36 |    14 ||    54

Vanquished Creatures
  2 two-headed ogres (D:9)
  Pikel (D:8)
  A hornet (D:9)
  A shadow (D:10)
  A wyvern (D:6)
  A yak (D:9)
  2 steam dragons (D:7)
  2 wargs (D:10)
  A water moccasin (D:7)
  3 orc warriors
  An ice beast (D:6)
  A black bear (D:10)
  A necrophage (D:6)
  3 ogres
  8 centaurs (D:9)
  Blork the orc (D:6)
  3 kobold brigands
  2 gnoll sergeants (D:9)
  3 scorpions
  A bullfrog (D:6)
  A water moccasin zombie (D:5)
  8 wights
  5 howler monkeys
  2 centaur zombies
  A hound (D:6)
  A jelly (D:6)
  2 bullfrog skeletons (D:6)
  2 centaur skeletons
  5 orc priests
  Natasha (thrice) (D:2)
  3 iguanas
  3 orc wizards
  6 gnolls
  13 adders
  2 howler monkey skeletons (D:6)
  A shadow imp (D:5)
  A white imp (D:5)
  An ufetubus (D:4)
  7 worms
  27 orcs
  4 bats
  6 endoplasms
  2 giant cockroaches (D:3)
  6 hobgoblins
  2 jackals (D:2)
  2 quokkas
  8 ball pythons
  3 frilled lizards
  7 goblins
  19 kobolds
  6 rats
198 creatures vanquished.

Vanquished Creatures (collateral kills)
  A two-headed ogre (D:8)
  A centaur zombie (D:10)
  3 yaks (D:9)
  A warg (D:10)
  2 centaurs (D:9)
  A howler monkey (D:9)
  An orc priest (D:10)
  An orc wizard (D:10)
  6 gnolls (D:9)
17 creatures vanquished.

Vanquished Creatures (others)
  9 ancestors
  7 plants
16 creatures vanquished.

Grand Total: 231 creatures vanquished
